 Dungeon Crawl Stone Soup version 0.20.1-1-g8b1a95d (webtiles) character file.

241 Mesmaeker13 the Covered (level 5, -1/50 HPs)
             Began as a Deep Dwarf Fighter on July 28, 2017.
             Slain by an ogre
             ... wielding a +0 giant club
              (5 damage)
             ... on level 4 of the Dungeon.
             The game lasted 00:08:48 (2575 turns).

Mesmaeker13 the Covered (Deep Dwarf Fighter)        Turns: 2575, Time: 00:08:49

Health: -1/50      AC: 13    Str: 19    XL:     5   Next: 80%
Magic:  4/4        EV:  5    Int:  9    God:
Gold:   152        SH: 10    Dex: 13    Spells: 4/4 levels left

rFire    . . .     SeeInvis .   a - +1 war axe
rCold    + . .     Gourm    .   c - +0 shield
rNeg     . . .     Faith    .   v - +0 chain mail
rPois    +         Spirit   .   l - +0 helmet
rElec    .         Reflect  .   (no cloak)
rCorr    .         Harm     .   (no gloves)
MR       .....                  x - +1 pair of boots
Stlth    ..........             (no amulet)
Regen    0.0/turn               t - ring of protection from cold
MPRegen  0.1/turn               e - ring of poison resistance

@: non-regenerating
A: damage resistance, heal wounds, sense surroundings 1, no regeneration
a: Heal Wounds


You were on level 4 of the Dungeon.
You were not hungry.

You visited 1 branch of the dungeon, and saw 4 of its levels.

You collected 152 gold pieces.

Inventory:

Hand Weapons
 a - a +1 war axe (weapon)
Armour
 c - a +0 shield (worn)
 l - a +0 helmet (worn)
 v - a +0 chain mail (worn)
 x - a +1 pair of boots (worn)
Jewellery
 e - a ring of poison resistance (right hand)
 q - an uncursed ring of see invisible
 t - a ring of protection from cold (left hand)
 u - an uncursed ring of magical power {unknown}
Scrolls
 g - 2 scrolls of blinking
 i - a scroll of noise
 o - a scroll of magic mapping {unknown}
 p - 2 scrolls of recharging
 r - 2 scrolls of teleportation
 y - a scroll of identify
Potions
 d - a potion of might
 j - a potion of lignification {unknown}
 m - 2 potions of agility
 n - a potion of haste {unknown}
 s - 2 potions of berserk rage {unknown}
 w - a potion of brilliance {unknown}
Comestibles
 b - 2 chunks of flesh
 f - 5 bread rations
 h - 2 fruits
 k - a meat ration


   Skills:
 + Level 3.8 Fighting
 + Level 3.7 Axes
 + Level 4.6 Armour
 + Level 4.6 Shields


You had 4 spell levels left.
You didn't know any spells.

Dungeon Overview and Level Annotations

Branches:
Dungeon (4/15)
 Temple: D:4-7

Altars:


Innate Abilities, Weirdness & Mutations

You are resistant to damage.
You can heal yourself by infusing magical energy.
You passively map a small area around you.
You do not regenerate.


Message History

(? for menu, Esc to cancel) < or
t - a ring of protection from cold; > or
e - a ring of poison resistance
Okay, then.
Unknown command.
An ogre comes into view. It is wielding a giant club.
An ogre is nearby!
You slash the ogre!
The ogre is moderately wounded.
You block the ogre's attack.
You hit the ogre.
The ogre is moderately wounded.
You block the ogre's attack.
You slash the ogre!
The ogre is severely wounded.
The ogre hits you with a giant club!!
* * * LOW HITPOINT WARNING * * *
You hit the ogre.
The ogre is almost dead.
The ogre hits you with a giant club!
You die...

#...#
.....##....>.
#.### * ####
#...... #.# *
#.##.## #.#
,.....# ##.#####
* *#.####
#......########
#.............#
,
#.......#####.##
#.#.....@O......
#.####..#####.##
* #. #..# #.,
..... , , ,
####### * ,* , ,


You could see an ogre.

Vanquished Creatures
  2 scorpions (D:4)
  A howler monkey (D:4)
  2 adders
  An ooze (D:3)
  3 worms
  3 dart slugs
  2 leopard geckos (D:1)
  4 orcs (D:3)
  7 bats
  A giant cockroach (D:1)
  8 goblins
  8 hobgoblins
  10 jackals
  3 kobolds
  A quokka (D:2)
  A ball python (D:3)
  4 frilled lizards
  5 rats
66 creatures vanquished.

Notes
Turn   | Place    | Note
-------+----------+-------------------------------------------
     0 | D:1      | Mesmaeker13 the Deep Dwarf Fighter began the quest for the Orb.
     0 | D:1      | Reached XP level 1. HP: 20/20 MP: 1/1
   140 | D:1      | Reached XP level 2. HP: 10/27 MP: 2/2
   288 | D:1      | Reached XP level 3. HP: 28/34 MP: 3/3
  1793 | D:3      | Reached XP level 4. HP: 11/42 MP: 4/4
  2317 | D:4      | Reached XP level 5. HP: 24/49 MP: 4/4
  2569 | D:4      | Noticed an ogre
  2575 | D:4      | Slain by an ogre

Skill      XL: |  1  2  3  4 |
---------------+-------------+-----
Fighting       | 3 |  3.8
Armour         | 4 |  4.6
Shields        | 4 |  4.6
Axes           | 3 |  3.7

Action                   |  1- 3 |  4- 6 || total
-------------------------+-------+-------++-------
Melee: War axe           |   137 |    63 ||   200
 Abil: Heal Wounds       |     1 |     1 ||     2
  Use: Scroll            |    11 |     1 ||    12
  Eat: Chunk             |     2 |     3 ||     5
       Fruit             |     1 |       ||     1
Armor: Scale mail        |    62 |       ||    62
       Chain mail        |     6 |    28 ||    34
Dodge: Dodged            |    46 |    14 ||    60
Block: Shield            |    68 |    31 ||    99
